 Dungeon Crawl Stone Soup version 0.29.1-1-gd02db6906a (webtiles) character file.

Game seed: 15009765458347132611

7006 H0rd4k the Transmogrifier (level 11, -1/65 HPs)
             Began as an Octopode Transmuter on Oct 19, 2022.
             Was an Initiate of Gozag.
             Shot with an arrow by a centaur (13 damage)
             ... on level 10 of the Dungeon.
             The game lasted 00:25:50 (15953 turns).

H0rd4k the Transmogrifier (Octopode Transmuter)    Turns: 15953, Time: 00:25:50

Health: -1/65      AC:  1    Str: 10    XL:     11   Next: 8%
Magic:  24/25      EV: 15    Int: 19    God:    Gozag
Gold:   675        SH:  0    Dex: 23    Spells: 24/30 levels left

rFire   . . .      SeeInvis .     - Unarmed
rCold   . . .      Faith    .   (shield currently unavailable)
rNeg    . . .      Spirit   .   (helmet restricted)
rPois   +          Reflect  .   k - amulet of Hucer {RegenMP rElec rF- Dex+4}
rElec   +          Harm     .   b - +6 ring of dexterity
rCorr   +          Rampage  .   f - ring of protection from cold
Will    .....                   m - ring of resist corrosion
Stlth   ++++......              B - ring of fire
HPRegen 0.20/turn               l - ring of poison resistance
MPRegen 0.59/turn               (no ring)
                                (no ring)
                                (no ring)

@: blade tentacles (expiring), gold aura
A: almost no armour, amphibious, 8 rings, camouflage 1, gelatinous body 1,
nimble swimmer 1, tentacles
a: End Transformation, Renounce Religion, Potion Petition, Call Merchant, Bribe
Branch


You were on level 10 of the Dungeon.
You worshipped Gozag.
Gozag was pleased with you.
You had blades for main tentacles.
You visited 2 branches of the dungeon, and saw 11 of its levels.
You also visited: Sewer.

You collected 1372 gold pieces.
You spent 590 gold pieces at shops.
You paid 107 gold pieces to Gozag.

Inventory:

Missiles
 d - 21 poisoned darts (quivered)
Armour
 u - an orb of mayhem
Jewellery
 b - a +6 ring of dexterity (left blade tentacle)
 f - a ring of protection from cold (right blade tentacle)
 h - an amulet of reflection
 k - the amulet of Hucer (around mantle) {RegenMP rElec rF- Dex+4}
   (You bought it in a shop on level 6 of the Dungeon)

   [amulet of magic regeneration]

   It increases your rate of magic regeneration.
   Dex:       It affects your dexterity (+4).
   rF:        It makes you vulnerable to fire.
   rElec:     It insulates you from electricity.
 l - a ring of poison resistance (on tentacle)
 m - a ring of resist corrosion (on tentacle)
 B - a ring of fire (on tentacle)
Wands
 g - a wand of acid (11)
Scrolls
 i - 7 scrolls of immolation
 t - 6 scrolls of teleportation
 w - 4 scrolls of noise
 x - 4 scrolls of enchant armour
 y - a scroll of enchant weapon
 A - 2 scrolls of identify
Potions
 a - 4 potions of lignification
 c - a potion of degeneration
 e - 2 potions of invisibility
 j - 4 potions of might
 n - 5 potions of curing
 p - 2 potions of magic
 q - 2 potions of ambrosia {unknown}
 r - 2 potions of attraction
 v - 2 potions of brilliance
 z - 6 potions of flight
 C - 4 potions of haste {unknown}
 D - 2 potions of resistance {unknown}


   Skills:
 - Level 2.5 Fighting
 - Level 0.8 Throwing
 - Level 3.4 Dodging
 - Level 1.4 Shields
 - Level 7.0 Unarmed Combat
 * Level 10.1 Spellcasting
 * Level 10.4 Transmutations
 - Level 0.5 Evocations


You had 24 spell levels left.
You knew the following spells:

 Your Spells              Type           Power      Damage    Failure   Level
a - Beastly Appendage     Tmut           98%        N/A       7%          1
b - Blade Hands           Tmut           24%        N/A       24%         5

Your spell library contained the following spells:

 Spells                   Type           Power      Damage    Failure   Level
 Wereblood                Tmut           49%        N/A       8%          2
 Passwall                 Tmut/Erth      24%        N/A       17%         2
 Spider Form              Tmut/Pois      29%        N/A       24%         3
 Ignite Poison            Fire/Tmut/Pois 34%        N/A       34%         3
 Apportation              Tloc           18%        N/A       41%         1
 Necrotise                Necr           36%        1d5       41%         1
 Sandblast                Erth           18%        2d7       41%         1
 Summon Small Mammal      Summ           36%        N/A       41%         1
 Ice Form                 Ice/Tmut       29%        N/A       43%         4
 Call Canine Familiar     Summ           9%         N/A       65%         3
 Conjure Flame            Conj/Fire      14%        6-21      65%         3
 Gell's Gravitas          Tloc           9%         N/A       65%         3
 Stone Arrow              Conj/Erth      18%        3d8       65%         3
 Summon Guardian Golem    Hex/Summ       9%         N/A       65%         3
 Teleport Other           Tloc           9%         N/A       65%         3
 Sticky Flame             Conj/Fire      14%        2d4       91%         4
 Dispersal                Tloc           4%         N/A       100%        6
 Iron Shot                Conj/Erth      4%         9d2       100%        6
 Animate Armour           Summ/Erth      Unusable   N/A       N/A         4

Dungeon Overview and Level Annotations

Branches:
Dungeon (10/15)            Temple (1/1) D:7           Sewer (visited)
   Lair: D:8-11         Orc: D:9-12

Altars:
Ashenzari
Cheibriados
Dithmenos
Elyvilon
Fedhas
Gozag
Kikubaaqudgha
Makhleb
Nemelex Xobeh
Okawaru
Qazlal
Ru
Sif Muna
Trog
Uskayaw
Vehumet
Wu Jian
Xom
Yredelemnul
Zin
The Shining One

Shops:
D:1 (   D:6 =*

Annotations:
D:1 exclusion: downstairs
D:2 exclusion: downstairs
D:6 exclusion: oklob plant


Innate Abilities, Weirdness & Mutations

You have blades for main tentacles.
Your spellcasting is less reliable in this form.
You are incapable of wielding weapons or throwing items.
You cannot wear most types of armour.
You are amphibious.
You can wear up to eight rings at the same time.
Your skin changes colour to match your surroundings (Stealth+).
Your rubbery body absorbs attacks. (AC +1, EV +1)
You are camouflaged when in or above water. (Stealth+)
You have tentacles for arms and can constrict up to eight enemies at once.


Message History

The centaur shoots an arrow.
The arrow barely misses your hornet.
The arrow barely misses your orc wizard.
The arrow closely misses you.
An arrow appears from out of your range of vision.
The arrow barely misses your hornet.
An arrow appears from out of your range of vision.
The arrow hits your hornet.
The centaur shoots an arrow.
The arrow barely misses your hornet.
The arrow closely misses your orc wizard.
The arrow hits you!
An arrow appears from out of your range of vision.
The arrow barely misses your hornet.
An arrow appears from out of your range of vision.
The arrow misses your hornet.
The arrow closely misses your orc wizard.
The centaur shoots an arrow.
The arrow hits your hornet!
An arrow appears from out of your range of vision.
The arrow hits your hornet.
An arrow appears from out of your range of vision.
The arrow barely misses your hornet.
Your hornet stings the centaur!
The centaur dies!
You hear a splash.
The centaur shoots an arrow.
The arrow closely misses you.
The centaur shoots an arrow.
The arrow closely misses your hornet.
The centaur shoots an arrow.
The arrow hits your hornet!
Your hornet dies!
Your hornet's corpse dissolves into shadows!
The centaur shoots an arrow.
The arrow completely misses your orc wizard.
The centaur is distracted by your dazzling golden aura.
The centaur shoots an arrow.
The arrow hits you!
Unknown command.
Your transformation is almost over.
The centaur is no longer distracted by gold.
The centaur shoots an arrow.
The arrow hits you!
The centaur shoots an arrow.
The arrow hits you!
The centaur shoots an arrow.
The arrow hits you!
* * * LOW HITPOINT WARNING * * *
The centaur shoots an arrow.
The arrow hits you!
You die...
Your body crumbles into a pile of gold.

#########..#...#......#
............'...#.......
............#...'.......
............#...#.......
............#####.......
..........ooO...........
....~≈≈~≈≈≈≈≈≈≈≈~.......
#..≈≈~≈≈~~~~~~≈≈.......
#..≈~≈@~≈≈≈≈≈≈~≈.......
#..≈~≈~≈≈$~~~≈≈~.......
#..≈~≈c≈~≈≈≈≈~≈≈ ......
#..≈~≈~≈...c≈≈~≈ .####+
....≈~≈~≈...≈~≈~≈
....≈~≈≈~...≈~≈~≈.
....≈≈~≈≈≈≈~≈~≈~≈..
....~≈≈~~~~≈≈~≈~≈..#####
....≈~≈≈≈≈≈≈~≈≈~≈.......


You could see 2 centaurs, a friendly two-headed ogre (summoned) and 2 friendly
orc wizards.

Vanquished Creatures
  A two-headed ogre (D:8)
  A troll (D:10)
  Sigmund (D:2)
  A wraith (D:10)
  3 steam dragons
  5 yaks
  Grum (D:8)
  4 water moccasins
  A sky beast (D:8)
  An ice beast (D:6)
  An orc warrior (D:6)
  2 ogres
  3 centaurs
  2 wolves (D:8)
  3 phantoms
  3 kobold brigands (D:8)
  A necrophage (D:5)
  2 scorpions
  9 bullfrogs
  6 wights
  8 electric eels
  3 howler monkeys
  11 jellies
  5 hounds
  3 orc priests
  A gnoll bouda (D:6)
  6 iguanas
  Ijyb (D:3)
  Terence (D:3)
  11 orc wizards
  4 gnolls (D:6)
  14 adders
  3 river rats (Sewer)
  A shadow imp (D:6)
  4 worms
  2 dart slugs
  30 orcs
  19 endoplasms
  5 giant cockroaches
  6 goblins
  7 hobgoblins
  7 jackals
  3 quokkas
  7 ball pythons
  10 bats
  9 frilled lizards
  12 kobolds
  4 rats
248 creatures vanquished.

Vanquished Creatures (collateral kills)
  A centaur (D:10)
1 creature vanquished.

Vanquished Creatures (others)
  5 fungi (D:6)
  8 plants (D:8)
13 creatures vanquished.

Grand Total: 262 creatures vanquished

Notes
Turn   | Place    | Note
-------+----------+-------------------------------------------
     0 | D:1      | H0rd4k the Octopode Transmuter began the quest for the Orb.
     0 | D:1      | Reached XP level 1. HP: 13/13 MP: 3/3
   393 | D:1      | Reached XP level 2. HP: 16/18 MP: 5/5
   426 | D:1      | Found Ogurchu's Weapon Emporium.
   700 | D:1      | You fall into a shaft and drop 1 floor!
   874 | D:2      | Reached XP level 3. HP: 20/23 MP: 4/6
  1438 | D:2      | Noticed Sigmund
  1633 | D:3      | Noticed Ijyb
  1660 | D:3      | Found a faded altar of an unknown god.
  1870 | D:3      | Noticed Terence
  1906 | D:3      | Reached XP level 4. HP: 28/28 MP: 5/7
  2715 | D:4      | Reached XP level 5. HP: 33/33 MP: 8/8
  2757 | D:5      | Entered Level 5 of the Dungeon
  2783 | D:5      | Noticed a phantom
  2818 | D:5      | Noticed a phantom
  2840 | D:5      | Killed a phantom
  2892 | D:5      | Reached skill level 5 in Unarmed Combat
  2896 | D:5      | Found a glowing drain.
  2908 | D:5      | Reached XP level 6. HP: 32/39 MP: 10/10
  2918 | Sewer    | Entered a sewer
  4584 | D:5      | Reached skill level 1 in Shields
  4804 | D:5      | Noticed a water moccasin
  4817 | D:5      | Killed a water moccasin
  4818 | D:5      | Reached XP level 7. HP: 45/45 MP: 11/11
  5206 | D:6      | Reached XP level 8. HP: 28/51 MP: 13/13
  5827 | D:6      | Found Dowef's General Store.
  5923 | D:6      | Noticed an oklob plant
  6024 | D:6      | Found Laacap's Jewellery Shop.
  6717 | D:7      | Found a staircase to the Ecumenical Temple.
  6730 | Temple   | Entered the Ecumenical Temple
  6798 | Temple   | Became a worshipper of Gozag Ym Sagoz the Greedy
  6915 | D:7      | Reached skill level 5 in Spellcasting
  6915 | D:7      | Reached skill level 5 in Transmutations
  7469 | D:7      | Reached XP level 9. HP: 14/55 MP: 17/17
  8690 | D:2      | Learned a level 5 spell: Blade Hands
  8706 | D:2      | Killed Sigmund
  8953 | D:3      | Found a snail-covered altar of Cheibriados.
  8987 | D:3      | Killed Ijyb
  9172 | D:3      | Killed Terence
 10954 | D:8      | Found a white marble altar of Elyvilon.
 11095 | D:8      | Reached XP level 10. HP: 59/61 MP: 19/21
 11128 | D:8      | Noticed a two-headed ogre
 11179 | D:8      | Killed a two-headed ogre
 11442 | D:8      | Noticed Grum
 11446 | D:8      | Killed Grum
 12083 | D:8      | Found an iron altar of Okawaru.
 13692 | D:6      | Bought the amulet of Hucer {RegenMP rElec rF- Dex+4} for
                  | 590 gold pieces
 14956 | D:10     | Entered Level 10 of the Dungeon
 15124 | D:10     | Reached skill level 10 in Transmutations
 15600 | D:10     | Reached XP level 11. HP: 63/65 MP: 21/24
 15605 | D:10     | Reached skill level 10 in Spellcasting
 15953 | D:10     | Shot with an arrow by a centaur

Illustrated notes

Levels and vault maps discovered:
D:1:      minmay_arrival_stone_box, layout_loops_corners, serial_shops, shop,
          minivault_25
D:2:      layout_rooms, serial_park_tiny_1, uniq_sigmund
D:3:      layout_rooms, mainiacjoe_overflow_alcove_1,
          chequers_ecumenical_altar_island, corner_web_ring, minmay_cut_off,
          uniq_ijyb, uniq_terence
D:4:      layout_rooms
D:5:      layout_basic, gup_sewer_entry_glass, corexii_item_surrounded_by_moat,
          minmay_circle_x
D:6:      lemuel_slime, layout_loops_ring, serial_shops, kennysheep_mini_moat,
          nicolae_shop_trees, st_stairs_10
D:7:      layout_basic, minmay_temple_entry_glass, kennysheep_generic_room_6
D:8:      minmay_razor_zed, layout_loops_ring, lemuel_round_altar,
          nicolae_elyvilon_temple_path, uniq_grum
D:9:      layout_basic, minmay_misc_feat_iff
D:10:     nicolae_whirlpool, layout_irregular_city, lemuel_round_altar,
          serial_shops, nicolae_shop_hallway_plus
Temple:   compressed_dpeg_circular_temple

Skill      XL: |  1  2  3  4  5  6  7  8  9 10 11 |
---------------+----------------------------------+-----
Unarmed Combat | 4 5 6 7 |  7.0
Spellcasting   | 3 5 7 9 10 | 10.1
Transmutations | 3 5 8 10 | 10.4
Fighting       | 2 |  2.5
Shields        | 1 |  1.4
Dodging        | 3 |  3.4
Throwing       | |  0.8
Evocations     | |  0.5

Action                   |  1- 3 |  4- 6 |  7- 9 | 10-12 || total
-------------------------+-------+-------+-------+-------++-------
Melee: Unarmed           |    60 |   168 |   292 |   144 ||   664
       Constrict         |    16 |    44 |    52 |    28 ||   140
       Tentacles         |    12 |    38 |    70 |    31 ||   151
       Kick              |     2 |    37 |    97 |     8 ||   144
       Punch             |       |       |    16 |     6 ||    22
Throw: Dart              |       |       |    12 |       ||    12
 Cast: Beastly Appendage |     5 |    15 |    32 |     3 ||    55
       Blade Hands       |       |       |     3 |    17 ||    20
Evoke: Wand              |       |     3 |     6 |    13 ||    22
  Use: Potion            |       |     3 |     3 |     4 ||    10
       Scroll            |       |     5 |     7 |     4 ||    16
 Stab: Sleeping          |     6 |    11 |     7 |       ||    24
       Paralysed         |       |     6 |    15 |     5 ||    26
       Distracted        |       |       |     1 |       ||     1
Armor: Skin              |       |     4 |     7 |     5 ||    16
Dodge: Dodged            |    40 |    66 |   115 |    99 ||   320
Block: Other             |     4 |    28 |    35 |    26 ||    93
       Reflection        |       |     2 |       |     5 ||     7
